 Dungeon Crawl Stone Soup version 0.23.2-40-g277498a001 (webtiles) character file.

Game seed: 9231805306815223811

1338378 gohu56 the Conqueror (level 27, -1/240 (245) HPs)
             Began as a Minotaur Fighter on Sept 27, 2019.
             Was a High Priest of the Shining One.
             Engulfed by an ushabti's foul pestilence (11 damage)
             ... on level 3 of the Tomb of the Ancients on Oct 11, 2019.
             The game lasted 07:56:54 (97447 turns).

gohu56 the Conqueror (Minotaur Fighter)            Turns: 97447, Time: 07:56:55

HP:   -1/240 (245)  AC: 46    Str: 29    XL:     27
MP:   12/40         EV: 26    Int: 10    God:    the Shining One [*****.]
Gold: 11653         SH: 46    Dex: 23    Spells: 48/55 levels left

rFire    + + +     SeeInvis .   K - +9 broad axe (holy)
rCold    + + +     Gourm    .   v - +1 shield of the Evening Star {rElec Regen+}
rNeg     + + +     Faith    .   M - +12 gold dragon scales
rPois    +         Spirit   .   U - +2 hat "Medunn" {rC++ MR+}
rElec    +         Reflect  +   I - +5 cloak "Tuawor" {rPois rN+ Dex+4}
rCorr    +         Harm     .   h - +0 pair of fencer's gloves {Riposte Dex+3}
MR       ++++.     Rnd*Rage +   n - +0 pair of boots "Vallumok" {rElec rCorr Int+10 Dex-3}
Stlth    ..........             W - amulet "Vofruirph" {Reflect +Fly rN++ Int-3 Slay+5 SH+4}
HPRegen  0.00/turn              D - ring of the Hundredfold Places {rElec rF+ rN+ Slay+3}
MPRegen  0.27/turn              b - ring of Ponupsaf {rElec rPois MR+ Str+6}

@: lethally poisoned (-1 -> -32), divine shield, berserk cooldown,
non-regenerating, badly diseased, slowed, glowing, very slow
A: retaliatory headbutt, hooves 2, horns 2, large bone plates 1, thin skeletal
structure 1, agile 1, berserk 3, blurry vision 3, deformed body, deterioration
1, dopey 2, fire resistance 1, frail 1, weak 2, subdued magic 3
}: 14/15 runes: decaying, slimy, silver, iron, obsidian, icy, bone, abyssal,
demonic, glowing, magical, fiery, dark, gossamer
a: Divine Shield, Cleansing Flame, Summon Divine Warrior, Renounce Religion,
Evoke Flight


You were on level 3 of the Tomb of the Ancients.
You worshipped the Shining One.
The Shining One was extremely pleased with you.
You were not hungry.

You visited 18 branches of the dungeon, and saw 90 of its levels.
You visited Pandemonium 1 time, and saw 21 of its levels.
You visited the Abyss 2 times.
You also visited: Trove, Ice Cave, Volcano and Wizlab.

You collected 13425 gold pieces.
You spent 1772 gold pieces at shops.

Inventory:

Hand Weapons
 B - the +9 staff of Wucad Mu {channel}
   (You found it on level 7 of the Iron City of Dis)
 K - a +9 broad axe of holy wrath (weapon)
Missiles
 r - 8 throwing nets (quivered)
Armour
 h - the +0 pair of fencer's gloves (worn) {Riposte Dex+3}
   (You acquired it on level 1 of the Elven Halls)

   It affects your dexterity (+3).
 n - the +0 pair of boots "Vallumok" (worn) {rElec rCorr Int+10 Dex-3}
   (You found it in Pandemonium)

   It affects your intelligence (+10).
   It affects your dexterity (-3).
   It insulates you from electricity.
   It provides partial protection from all sources of acid and corrosion.
 v - the +1 shield of the Evening Star (worn) {rElec Regen+}
   (You took it off Donald on level 4 of the Spider Nest)

   It insulates you from electricity.
   It increases your rate of regeneration.
 A - the +1 buckler of Diog {MR+ Int+6 Slay+3}
   (You acquired it on level 5 of the Pits of Slime)

   It affects your intelligence (+6).
   It affects your accuracy and damage with ranged weapons and melee attacks
   (+3).
   It affects your resistance to hostile enchantments.
 I - the +5 cloak "Tuawor" (worn) {rPois rN+ Dex+4}
   (You acquired it on level 11 of the Dungeon)

   It affects your dexterity (+4).
   It protects you from poison.
   It protects you from negative energy.
 M - +12 gold dragon scales (worn)
 Q - the +2 pair of boots "Baoluute" {rPois rN+}
   (Okawaru gifted it to you on level 12 of the Dungeon)

   It protects you from poison.
   It protects you from negative energy.
 U - the +2 hat "Medunn" (worn) {rC++ MR+}
   (Okawaru gifted it to you on level 3 of the Spider Nest)

   It greatly protects you from cold.
   It affects your resistance to hostile enchantments.
 X - a +2 large shield of protection
 Y - the +5 large shield of the Evil One {-Tele MR+ Str+2 Dex+4}
   (You took it off a daeva in Pandemonium)

   It affects your strength (+2).
   It affects your dexterity (+4).
   It affects your resistance to hostile enchantments.
   It prevents most forms of teleportation.
Jewellery
 b - the ring of Ponupsaf (right hand) {rElec rPois MR+ Str+6}
   (You found it on level 7 of Tartarus)

   [ring of protection from magic]

   It affects your strength (+6).
   It insulates you from electricity.
   It protects you from poison.
   It affects your resistance to hostile enchantments.
 c - the amulet "Qebakucsaa" {Acrobat rC++ Int+4}
   (You found it in Pandemonium)

   [amulet of the acrobat]

   It helps you evade while moving and waiting.
   It affects your intelligence (+4).
   It greatly protects you from cold.
 m - the ring of Taor {rPois rF+ rC+ Str+4 SInv}
   (You found it in a treasure trove)

   [ring of protection from cold]

   It affects your strength (+4).
   It protects you from fire.
   It protects you from cold.
   It protects you from poison.
   It lets you see invisible.
 D - the ring of the Hundredfold Places (left hand) {rElec rF+ rN+ Slay+3}
   (You found it in Pandemonium)

   [ring of protection from fire]

   It affects your accuracy and damage with ranged weapons and melee attacks
   (+3).
   It protects you from fire.
   It insulates you from electricity.
   It protects you from negative energy.
 L - the ring of Xom's Vengeance {*Drain +Fly rElec rF+++ rC+}
   (You found it on level 3 of the Elven Halls)

   [ring of flight]

   It renders you almost immune to fire.
   It protects you from cold.
   It insulates you from electricity.
   It lets you fly.
   It causes draining when unequipped.
 R - the ring "Jussefehor" {rPois rC+++ Dex-5 Slay+2 SInv}
   (You found it on level 5 of the Pits of Slime)

   [ring of see invisible]

   It affects your dexterity (-5).
   It affects your accuracy and damage with ranged weapons and melee attacks
   (+2).
   It renders you almost immune to cold.
   It protects you from poison.
   It lets you see invisible.
 S - the ring "Fiesm" {+Fly Str+3 Slay+2}
   (You found it in a treasure trove)

   [ring of strength]

   It affects your strength (+3).
   It affects your accuracy and damage with ranged weapons and melee attacks
   (+2).
   It lets you fly.
 W - the amulet "Vofruirph" (around neck) {Reflect +Fly rN++ Int-3 Slay+5 SH+4}
   (You bought it in a shop on level 1 of the Elven Halls)

   [amulet of reflection]

   It shields you and reflects attacks.
   It affects your intelligence (-3).
   It affects your accuracy and damage with ranged weapons and melee attacks
   (+5).
   It greatly protects you from negative energy.
   It lets you fly.
   It affects your SH (+4).
Wands
 w - a wand of acid (29)
 x - a wand of digging (33)
 y - a wand of paralysis (18)
 E - a wand of iceblast (107)
Scrolls
 e - 5 scrolls of magic mapping
 i - 46 scrolls of remove curse
 k - 5 scrolls of fear
 l - 6 scrolls of fog
 t - 8 scrolls of blinking
 G - 2 scrolls of enchant weapon
 H - 3 scrolls of summoning
 N - 4 scrolls of immolation
 O - 2 scrolls of holy word
 P - 2 scrolls of silence
 V - 22 scrolls of teleportation
 Z - 26 scrolls of identify
Potions
 d - 12 potions of might
 j - 4 potions of cancellation
 o - 9 potions of resistance
 p - 4 potions of invisibility
 q - 4 potions of heal wounds
 s - 5 potions of brilliance
 u - 5 potions of haste
 z - a potion of magic
 C - 8 potions of agility
 T - 37 potions of curing
Miscellaneous
 g - 5 phantom mirrors
 F - a lamp of fire
Comestibles
 f - 87 rations


   Skills:
 O Level 27 Fighting
   Level 15.1 Long Blades
 O Level 27 Axes
   Level 4.8(19.1) Maces & Flails
 O Level 27 Armour
 * Level 25.8 Dodging
 O Level 27 Shields
 - Level 14.7 Spellcasting
 - Level 15.7 Translocations
   Level 10.3 Fire Magic
 O Level 27 Invocations
 + Level 15.1 Evocations


You had 48 spell levels left.
You knew the following spells:

 Your Spells              Type           Power        Failure   Level  Hunger
a - Apportation           Tloc           ###...       0%          1    None
b - Blink                 Tloc           N/A          0%          2    None
c - Passage of Golubria   Tloc           N/A          1%          4    ###....

Your spell library contained the following spells:

 Spells                   Type           Power        Failure   Level  Hunger
 Shroud of Golubria       Chrm/Tloc      ##........   1%          2    None
 Gell's Gravitas          Tloc           ###.......   1%          3    #......
 Lesser Beckoning         Tloc           ###.......   1%          3    #......
 Flame Tongue             Conj/Fire      #....        2%          1    None
 Portal Projectile        Hex/Tloc       ##....       2%          3    #......
 Recall                   Summ/Tloc      N/A          2%          3    #......
 Throw Flame              Conj/Fire      #.....       4%          2    None
 Dispersal                Tloc           ###.......   6%          6    ######.
 Conjure Flame            Conj/Fire      #.......     10%         3    #......
 Inner Flame              Hex/Fire       #.......     10%         3    #......
 Force Lance              Conj/Tloc      ##......     11%         4    ###....
 Ignite Poison            Fire/Tmut/Pois #.......     22%         3    #......
 Animate Skeleton         Necr           N/A          30%         1    None
 Beastly Appendage        Tmut           #.....       30%         1    None
 Confusing Touch          Hex            #.....       30%         1    None
 Corona                   Hex            #......      30%         1    None
 Freeze                   Ice            #...         30%         1    None
 Infusion                 Chrm           #...         30%         1    None
 Magic Dart               Conj           #...         30%         1    None
 Pain                     Necr           #...         30%         1    None
 Sandblast                Erth           #.....       30%         1    None
 Shock                    Conj/Air       #...         30%         1    None
 Sting                    Conj/Pois      #...         30%         1    None
 Summon Butterflies       Summ           #.......     30%         1    None
 Summon Small Mammal      Summ           #...         30%         1    None
 Summon Forest            Summ/Tloc      ##........   32%         5    #####..
 Sticky Flame             Conj/Fire      #.......     36%         4    ###....
 Call Imp                 Summ           #.......     43%         2    None
 Corpse Rot               Necr           N/A          43%         2    None
 Ensorcelled Hibernation  Hex/Ice        #.....       43%         2    None
 Passwall                 Tmut/Erth      #.......     43%         2    None
 Poisonous Vapours        Pois/Air       #.....       43%         2    None
 Searing Ray              Conj           #.....       43%         2    None
 Slow                     Hex            #.......     43%         2    None
 Song of Slaying          Chrm           #.......     43%         2    None
 Sticks to Snakes         Tmut           #.......     43%         2    None
 Sublimation of Blood     Necr           #.........   43%         2    None
 Swiftness                Chrm/Air       #.......     43%         2    None
 Throw Frost              Conj/Ice       #.....       43%         2    None
 Confuse                  Hex            #.......     69%         3    #......
 Dazzling Spray           Conj/Hex       #.....       69%         3    #......
 Mephitic Cloud           Conj/Pois/Air  #.......     69%         3    #......
 Ozocubu's Armour         Chrm/Ice       #.......     69%         3    #......
 Regeneration             Chrm/Necr      #.........   69%         3    #......
 Spectral Weapon          Hex/Chrm       #.......     69%         3    #......
 Spider Form              Tmut/Pois      #.........   69%         3    #......
 Static Discharge         Conj/Air       #.......     69%         3    #......
 Stone Arrow              Conj/Erth      #.....       69%         3    #......
 Summon Guardian Golem    Hex/Summ       #.......     69%         3    #......
 Tukima's Dance           Hex            #.......     69%         3    #......
 Vampiric Draining        Necr           #.........   69%         3    #......
 Fireball                 Conj/Fire      #.........   73%         5    #####..
 Bolt of Magma            Conj/Fire/Erth #.........   94%         5    #####..
 Animate Dead             Necr           N/A          98%         4    ###....
 Cause Fear               Hex            #.........   98%         4    ###....
 Fulminant Prism          Conj/Hex       #.........   98%         4    ###....
 Ice Form                 Ice/Tmut       #.......     98%         4    ###....
 Iskenderun's Mystic Bla  Conj           #.......     98%         4    ###....
 Leda's Liquefaction      Hex/Erth       #.........   98%         4    ###....
 Olgreb's Toxic Radiance  Pois           #.......     98%         4    ###....
 Petrify                  Tmut/Erth      #.......     98%         4    ###....
 Summon Ice Beast         Ice/Summ       #.......     98%         4    ###....
 Summon Lightning Spire   Summ/Air       #.......     98%         4    ###....
 Throw Icicle             Conj/Ice       #.......     98%         4    ###....
 Controlled Blink         Tloc           N/A          98%         8    #######
 Disjunction              Tloc           ###.......   98%         8    #######
 Agony                    Necr           #.......     100%        5    #####..
 Alistair's Intoxication  Tmut/Pois      #.......     100%        5    #####..
 Aura of Abjuration       Summ           #.........   100%        5    #####..
 Blade Hands              Tmut           #.........   100%        5    #####..
 Bolt of Draining         Conj/Necr      #.........   100%        5    #####..
 Borgnjor's Vile Clutch   Necr/Erth      #.........   100%        5    #####..
 Dispel Undead            Necr           #.......     100%        5    #####..
 Excruciating Wounds      Chrm/Necr      #.........   100%        5    #####..
 Irradiate                Conj/Tmut      #.........   100%        5    #####..
 Iskenderun's Battlesphe  Conj/Chrm      #.......     100%        5    #####..
 Lee's Rapid Deconstruct  Erth           #.........   100%        5    #####..
 Lightning Bolt           Conj/Air       #.........   100%        5    #####..
 Metabolic Englaciation   Hex/Ice        #.........   100%        5    #####..
 Silence                  Hex/Air        #.........   100%        5    #####..
 Summon Demon             Summ           #.........   100%        5    #####..
 Summon Mana Viper        Hex/Summ       #.......     100%        5    #####..
 Venom Bolt               Conj/Pois      #.........   100%        5    #####..
 Yara's Violent Unravell  Hex/Tmut       #.........   100%        5    #####..
 Bolt of Cold             Conj/Ice       #.........   100%        6    ######.
 Bolt of Fire             Conj/Fire      #.........   100%        6    ######.
 Conjure Ball Lightning   Conj/Air       #.........   100%        6    ######.
 Darkness                 Hex            #.........   100%        6    ######.
 Death Channel            Necr           #.........   100%        6    ######.
 Freezing Cloud           Conj/Ice/Air   #.........   100%        6    ######.
 Hydra Form               Tmut           #.........   100%        6    ######.
 Invisibility             Hex            #.......     100%        6    ######.
 Iron Shot                Conj/Erth      #.........   100%        6    ######.
 Ozocubu's Refrigeration  Ice            #.........   100%        6    ######.
 Poison Arrow             Conj/Pois      #.........   100%        6    ######.
 Shadow Creatures         Summ           N/A          100%        6    ######.
 Simulacrum               Ice/Necr       #.........   100%        6    ######.
 Statue Form              Tmut/Erth      #........    100%        6    ######.
 Dragon Form              Tmut           #.........   100%        7    #######
 Malign Gateway           Summ/Tloc      ##........   100%        7    #######
 Monstrous Menagerie      Summ           #.........   100%        7    #######
 Orb of Destruction       Conj           #.........   100%        7    #######
 Ring of Flames           Chrm/Fire      #.........   100%        7    #######
 Summon Greater Demon     Summ           #.........   100%        7    #######
 Chain Lightning          Conj/Air       #.........   100%        8    #######
 Discord                  Hex            #.........   100%        8    #######
 Ignition                 Fire           ##........   100%        8    #######
 Lehudib's Crystal Spear  Conj/Erth      #.........   100%        8    #######
 Summon Horrible Things   Summ           #.........   100%        8    #######
 Dragon's Call            Summ           #.........   100%        9    #######
 Fire Storm               Conj/Fire      #.........   100%        9    #######
 Glaciate                 Conj/Ice       #.........   100%        9    #######
 Shatter                  Erth           #.........   100%        9    #######
 Tornado                  Air            #.........   100%        9    #######


Dungeon Overview and Level Annotations

Branches:
Dungeon (15/15)            Temple (1/1) D:4            Lair (6/6) D:10
  Swamp (4/4) Lair:2       Spider (4/4) Lair:3        Slime (5/5) Lair:6
    Orc (2/2) D:11            Elf (3/3) Orc:2        Vaults (5/5) D:14
  Crypt (3/3) Vaults:3       Tomb (3/3) Crypt:3      Depths (5/5) D:15
   Hell (1/1)                 Dis (7/7) Hell            Geh (7/7) Hell
    Coc (7/7) Hell            Tar (7/7) Hell            Zot (5/5) Depths:5

Altars:
Ashenzari
Cheibriados
Dithmenos
Elyvilon
Fedhas
Gozag
Kikubaaqudgha
Nemelex Xobeh
Okawaru
Qazlal
Sif Muna
Trog
Uskayaw
Vehumet
Wu Jian
Xom
Yredelemnul
Zin
The Shining One

Shops:
Orc:2 (*(=%   Elf:1 *   Vaults:1 }   Vaults:5 }!(=   Depths:2 ?   Depths:5 :

Portals:
Hell: Depths:1 Depths:2 Depths:3 Depths:4 Depths:5
Abyss: Geh:5 Depths:2 Depths:4
Pandemonium: Depths:1 Depths:3 Depths:4
Ziggurat: Depths:4

Annotations:
D:8 5 exclusions
D:10 3 runed translucent doors, Curus's ghost, journeyman MfTm
D:15 exclusion: Roxanne, Roxanne
Orc:1 3 runed translucent doors, Htamos's ghost, journeyman HOFi
Depths:3 2 transporters, Jabberih's ghost, veteran DrFE
Zot:5 exclusion: orange crystal statue


Innate Abilities, Weirdness & Mutations

You reflexively headbutt those who attack you in melee.
You have a pair of horns on your head.
You have hoof-like feet.
You are partially covered in large bone plates. (SH +4)
You have a somewhat thin skeletal structure. (Dex +2, Stealth)
You are agile. (Dex +2)
You have an uncontrollable temper.
Scrolls take you much longer to read.
Armour fits poorly on your strangely shaped body.
Your body sometimes deteriorates upon taking damage.
You are very dopey. (Int -4)
Your flesh is heat resistant. (rF+)
You are frail. (-10% HP)
You are very weak. (Str -4)
Your spells are much easier to cast, but much less powerful.


Message History

The reaper is heavily wounded.
You are engulfed in dark miasma.
You feel your flesh rotting away!
You feel ill.
* * * LOW HITPOINT WARNING * * *
Your angel hits the greater mummy with a +3 whip of holy wrath.
The greater mummy convulses.
Your angel hits the greater mummy but does no damage.
Send 'em back where they came from!
The Shining One protects your fellow warrior from evil magic! x3
Your daeva blocks the ushabti's attack.
Your daeva calls down the wrath of the Shining One upon the ushabti.
The ushabti is smitten.
You block the reaper's attack.
You hit the reaper but do no damage.
The reaper is heavily wounded.
You are engulfed in dark miasma.
You are lethally poisoned!
You feel your flesh rotting away!
You feel as though you will be slow longer.
You die...

.. ........^..☼ ...
....§....... #..
..V..§...M.. ##'##
.§...M...... ##....#
8W.M...§V...§..§#
.......##WW..........8.##
......$.##M....$......##.
.....^..2##.....8....##<†
........@.##...§....##...
.........○^##(.○M..##...§
).$......°°##L§M...##..°.
$$$.......M.#☼§☼...#.....
[:$$.....A.A#○Z☼...#.....
[}[$..^....A88°MM.M'....$
})"($.......#...L.§#M...[
[)|$$./....#...(..#..§..
)|[$$.....##......##...$


You could see a greater mummy, a reaper, an ushabti, a friendly daeva and 2
friendly angels.

Vanquished Creatures
  Asmodeus (Geh:7)
  Antaeus (Coc:7)
  the Royal Jelly (Slime:5)
  Gloorx Vloq (Pan)
  Ereshkigal (Tar:7)
  A seraph (Pan)
  Lom Lobon (Pan)
  the Serpent of Hell (Coc:7)
  Dispater (Dis:7)
  3 ancient liches
  Mara (Tomb:1)
  4 orbs of fire (Zot:5)
  Mennas (Vaults:5)
  The ghost of happinesssam the Impregnable, a master MiBe of Trog (Zot:1)
  The ghost of Fuonemn the Impregnable, a veteran DDBe of Trog (Elf:2)
  23 greater mummies
  4 pandemonium lords (Pan)
  Sojobo (Depths:3)
  3 Killer Klowns (Zot:5)
  Boris (Depths:4)
  Bai Suzhen (Vaults:5)
  Frederick (Tomb:1)
  the Lernaean hydra (Swamp:4)
  8 shard shrikes
  3 curse toes
  5 caustic shrikes (Depths:5)
  Geryon (Hell)
  10 golden dragons
  18 bone dragons
  Arachne (Spider:4)
  18 Brimstone Fiends
  2 profane servitors (Crypt:3)
  7 liches
  2 pearl dragons (Pan)
  3 doom hounds
  4 electric golems
  The ghost of nano the Wrestler, an adept CeBe of Trog (Vaults:4)
  8 iron giants (Dis:7)
  14 Tzitzimimeh
  22 Hell Sentinels
  25 Orb Guardians (Zot:5)
  13 titans
  19 Ice Fiends
  23 tentacled monstrosities
  6 deep elf blademasters
  3 deep elf master archers
  11 quicksilver dragons
  26 Executioners
  Frances (Spider:1)
  18 acid blobs
  8 ancient champions
  13 sphinxes
  3 eldritch tentacles
  3 thorn hunters
  9 death cobs
  A storm dragon (shapeshifter) (Depths:4)
  19 shadow dragons
  21 tentacled starspawn
  Kirke (Lair:5)
  5 draconian monks
  14 storm dragons
  6 revenants
  15 tengu reavers
  17 daevas (Pan)
  Donald (Spider:4)
  9 azure jellies
  The ghost of Cykl0x the Peltast, an adept FoFi of Makhleb (Lair:6)
  25 fire giants
  6 ghost moths
  11 deep elf sorcerers
  5 draconian knights
  30 frost giants
  Louise (Swamp:4)
  22 cacodemons
  11 vault wardens
  Aizul (Vaults:3)
  An orc warlord (Orc:2)
  5 curse skulls
  5 emperor scorpions
  8 draconian shifters
  12 iron dragons
  5 warmongers (Pan)
  12 draconian scorchers
  34 balrugs
  12 ghouls
  An iron dragon (shapeshifter) (Depths:4)
  24 angels (Pan)
  2 deep elf elementalists
  3 draconian stormcallers
  57 reapers
  11 war gargoyles
  3 elemental wellsprings
  33 stone giants
  3 spriggan defenders
  6 entropy weavers
  15 ironheart preservers
  6 blood saints (Pan)
  9 draconian annihilators
  9 vampire knights
  25 very ugly things
  15 ophanim (Pan)
  14 green draconians
  9 corrupters (Pan)
  24 apis (Pan)
  6 bennus
  4 deep elf demonologists
  15 black draconians
  A minotaur (Vaults:4)
  10 purple draconians
  10 lorocyprocas
  7 black suns (Pan)
  14 white draconians
  Nessos (D:13)
  6 dire elephants (Lair:6)
  13 red draconians
  Azrael (D:15)
  24 spark wasps
  8 deep elf annihilators
  13 yellow draconians
  17 ettins
  Snorg (Lair:6)
  A crystal guardian (Depths:4)
  10 eidola
  14 mummy priests
  2 deep elf high priests
  9 fire dragons
  24 blizzard demons
  7 jiangshi
  13 green deaths
  3 quicksilver dragon zombies
  5 deep elf death magi
  2 merfolk impalers (Vaults:4)
  3 kraken zombies
  8 great orbs of eyes
  13 death oozes
  8 monstrous demonspawn (Pan)
  14 yaktaur captains
  15 rakshasas
  6 spriggan air magi
  A naga warrior (Vaults:4)
  28 vault guards
  An ice dragon (shapeshifter) (Depths:2)
  21 hydras
  28 ice dragons
  Fannar (D:12)
  3 quicksilver dragon skeletons
  A juggernaut simulacrum (Depths:4)
  4 ghost crabs
  5 hell beasts
  11 centaur warriors
  2 shambling mangroves
  An anaconda (Lair:6)
  3 death knights
  The ghost of ciphuk the Cleaver, a novice HOAK of Lugonu (D:8)
  33 death scarabs
  2 two-headed ogres (shapeshifter)
  11 alligators
  22 two-headed ogres
  A queen ant (Spider:2)
  8 ogre magi
  5 vampire magi
  3 deep troll earth magi
  29 hell hogs
  32 dancing weapons
  2 orc high priests
  A shock serpent (Depths:4)
  4 tengu warriors
  Urug (D:11)
  5 titan zombies
  5 deep troll shamans
  A shock serpent (shapeshifter) (Depths:5)
  17 thrashing horrors
  7 spriggan berserkers
  39 soul eaters
  An iron golem (Hell)
  55 sun demons
  Nergalle (Lair:2)
  12 wretched stars
  25 deep elf knights
  37 hell knights
  2 storm dragon zombies
  4 iron trolls
  6 titan skeletons
  128 skeletal warriors
  5 golden dragon zombies
  13 cherubim (Pan)
  5 storm dragon skeletons
  7 spatial maelstroms
  10 shadow wraiths
  6 gelid demonspawn (Pan)
  15 deep trolls
  13 swamp dragons
  24 sixfirhies
  3 unseen horrors
  6 torturous demonspawn (Pan)
  3 ghost moth zombies
  7 flayed ghosts
  12 anaconda zombies
  12 glowing orange brains
  A salamander mystic (Depths:1)
  2 infernal demonspawn (Pan)
  2 golden dragon skeletons
  2 spriggan druids
  9 wizards
  An obsidian statue (WizLab)
  10 ironbrand convokers
  3 kraken simulacra (Coc:7)
  A lindwurm (shapeshifter) (Depths:4)
  A sphinx zombie (Vaults:2)
  2 lindwurms
  A shadow dragon zombie (Coc:3)
  13 orc knights
  31 shadow demons
  2 tengu zombies
  17 deep elf archers
  60 large abominations
  9 orb spiders
  31 phantasmal warriors
  28 ugly things
  10 harpies
  15 necromancers
  2 wolf spider zombies (Crypt:3)
  4 anaconda skeletons
  6 iron dragon zombies
  3 fire giant zombies
  21 wolf spiders
  86 deep elf magi
  5 cyclopes
  10 shining eyes
  A shining eye (shapeshifter) (Depths:2)
  8 stone giant zombies
  2 tengu skeletons
  2 salamanders (Depths:2)
  2 shadow dragon skeletons (Tar:7)
  An orc sorcerer (Abyss:2)
  A faun (shapeshifter) (Vaults:5)
  3 manticores
  2 iron dragon skeletons
  14 worldbinders
  5 centaur zombies
  2 water nymphs (shapeshifter)
  An elephant (shapeshifter) (Depths:4)
  29 moths of wrath
  A moth of wrath (shapeshifter) (Vaults:5)
  4 elephants (Lair:6)
  82 starcursed masses
  2 salamanders (shapeshifter)
  2 spriggan zombies
  3 frost giant skeletons
  8 eyes of devastation
  5 fire giant skeletons
  4 ice statues
  A torpor snail (Spider:1)
  11 vault sentinels
  4 black mambas
  An apocalypse crab (Abyss:3)
  A black mamba (shapeshifter) (Abyss:3)
  3 molten gargoyles
  4 stone giant skeletons
  4 guardian serpents
  44 rust devils
  2 shock serpent zombies
  29 orange demons
  7 dire elephant zombies
  43 smoke demons
  3 titan simulacra (Coc:7)
  A gargoyle (D:12)
  2 shock serpent skeletons
  A white draconian zombie (Crypt:2)
  4 dire elephant skeletons
  A rime drake (shapeshifter) (Elf:3)
  7 storm dragon simulacra (Coc:7)
  3 catoblepas zombies
  A red draconian zombie (Crypt:2)
  30 hellions
  A pale draconian zombie (Crypt:1)
  3 kobold demonologists
  11 efreet
  13 spiny frogs
  2 rime drakes (Lair:1)
  10 spectral swamp worms (Tar:7)
  A swamp worm zombie (Crypt:2)
  An emperor scorpion zombie (Crypt:2)
  43 yaktaurs
  8 anaconda simulacra
  6 komodo dragons
  24 demonic crawlers
  45 freezing wraiths
  A spark wasp simulacrum (Depths:3)
  36 tormentors
  3 tengu conjurers
  34 ice devils
  8 hydra zombies
  2 harpy zombies
  A sea snake skeleton (Crypt:1)
  3 meliai (D:13)
  2 golden dragon simulacra
  32 guardian mummies
  A queen bee (D:13)
  33 red devils
  11 hellwings (Pan)
  10 ancient zymes
  A queen ant zombie (Crypt:2)
  27 jumping spiders
  A troll (shapeshifter) (Vaults:3)
  5 trolls
  7 tyrant leeches
  A hornet (shapeshifter) (Abyss:2)
  8 hydra skeletons
  25 hornets
  A polar bear (Lair:6)
  A harpy skeleton (Pan)
  53 raiju
  9 ettin zombies
  25 blink frogs
  16 hippogriffs
  108 slime creatures
  8 ice dragon zombies
  16 bog bodies
  2 dream sheep (shapeshifter)
  A moth of wrath zombie (Crypt:2)
  2 fire giant simulacra
  10 alligator zombies
  2 fire dragon zombies
  A shock serpent simulacrum (Coc:3)
  43 redbacks
  A slime creature (shapeshifter) (Depths:4)
  10 spriggans
  A black mamba zombie (Dis:7)
  3 alligator skeletons
  4 ettin skeletons
  A spriggan (shapeshifter) (Elf:2)
  A dire elephant simulacrum (IceCv)
  25 shadows
  A tarantella (shapeshifter) (Abyss:1)
  2 air elementals
  A yak (shapeshifter) (Depths:3)
  5 fire dragon skeletons
  An ice dragon skeleton (Coc:4)
  3 vampires
  69 flying skulls
  30 fire elementals
  3 basilisks
  23 wraiths
  40 ynoxinuls
  12 ushabtiu
  14 yaks
  3 wyverns
  10 fire bats
  19 water elementals
  20 tarantellas
  16 humans (D:13)
  22 golden eyes
  A golden eye (shapeshifter) (Depths:4)
  16 chaos spawn
  10 hungry ghosts
  18 vampire mosquitoes
  31 neqoxecs
  2 elf simulacra
  5 harpy simulacra (IceCv)
  8 spatial vortices
  14 swamp worms
  20 insubstantial wisps
  An iron troll simulacrum (IceCv)
  5 wargs
  7 soldier ants
  An acid dragon (D:13)
  10 hydra simulacra
  A soldier ant (shapeshifter) (Vaults:3)
  Duvessa (D:4)
  80 hell hounds
  8 water moccasins
  2 floating eyes (shapeshifter)
  2 floating eyes
  8 porcupines
  6 spiny frog zombies
  58 orc warriors
  2 spiny frog skeletons
  A black bear (shapeshifter) (Abyss:2)
  7 ice beasts
  2 black bears
  32 ogres
  2 alligator simulacra (Coc:7)
  8 eyes of draining
  7 sky beasts
  2 ettin simulacra (IceCv)
  12 phantoms
  4 snapping turtle zombies
  11 swamp drakes
  2 orc zombies
  An eye of draining (shapeshifter) (Depths:4)
  2 swamp dragon zombies
  32 necrophages
  13 boggarts
  A hog zombie (Crypt:1)
  3 manticore skeletons
  14 wolves
  5 snapping turtle skeletons
  37 centaurs
  9 crocodiles
  6 big kobolds
  An elf zombie (Crypt:3)
  20 bullfrogs
  A hog skeleton (Crypt:2)
  A spiny frog simulacrum (Coc:4)
  Dowan (D:4)
  5 wyvern zombies
  3 earth elementals
  5 scorpions
  32 small abominations
  A water moccasin skeleton (D:8)
  12 wyvern skeletons
  2 troll zombies
  An elephant simulacrum (IceCv)
  A spriggan skeleton (Pan)
  27 killer bees
  38 wights
  A troll skeleton (Geh:4)
  7 electric eels
  14 crimson imps
  7 draconian simulacra (IceCv)
  5 lava snakes (Volcano)
  4 human simulacra
  14 quasits
  2 human zombies
  27 orc wizards
  8 centaur skeletons
  26 orc priests
  10 hounds
  7 jellies
  3 bullfrog skeletons
  20 iron imps
  A human skeleton (Geh:4)
  18 worker ants
  An iguana (D:14)
  2 polar bear simulacra (IceCv)
  8 hell rats (Hell)
  2 spriggan simulacra (IceCv)
  2 troll simulacra (IceCv)
  2 wolf simulacra (IceCv)
  2 centaur simulacra (IceCv)
  A big kobold skeleton (Crypt:1)
  A hound zombie (D:8)
  3 hound skeletons
  44 mummies
  Robin (D:2)
  14 adders
  10 gnolls
  2 ogre simulacra (IceCv)
  12 shadow imps
  A steam dragon skeleton (Crypt:1)
  25 white imps
  11 ufetubi
  3 oozes
  7 adder skeletons
  6 worms
  A ball lightning (Pan)
  2 dart slugs
  6 leopard geckos
  127 orcs
  An orc (shapeshifter) (Vaults:5)
  6 giant cockroaches
  12 goblins
  14 hobgoblins
  7 jackals
  26 kobolds
  6 quokkas
  3 ball pythons
  6 bats
  5 frilled lizards
  A jackal zombie (D:5)
  A leopard gecko zombie (D:8)
  4 rats
  3 blocks of ice (Pan)
  A bush (Lair:5)
  A butterfly (Lair:2)
  A fire vortex (Pan)
  8 fungi
  A lurking horror (WizLab)
  4 plants
  28 starspawn tentacles
  9 tentacles
  8 withered plants (Crypt:3)
5151 creatures vanquished.

Vanquished Creatures (collateral kills)
  Cerebov (Pan)
  2 pandemonium lords (Pan)
  Mnoleg (Pan)
  Khufu (Tomb:3)
  4 greater mummies
  A shard shrike (Coc:7)
  2 Tzitzimimeh (Tar:7)
  A Brimstone Fiend (Geh:7)
  A bone dragon (Coc:7)
  A tentacled monstrosity (Pan)
  A Hell Sentinel (Pan)
  2 Executioners (Pan)
  2 ancient champions
  A daeva (Pan)
  3 revenants
  4 fire giants (Geh:7)
  A balrug (Geh:7)
  2 cacodemons (Pan)
  A curse skull (Pan)
  A draconian annihilator (Pan)
  2 very ugly things (Pan)
  A reaper (Tar:7)
  An ophan (Pan)
  6 bennus
  2 apis (Pan)
  A deep elf annihilator (Pan)
  A lorocyproca (Pan)
  A blizzard demon (Coc:7)
  A green death (Pan)
  2 quicksilver dragon zombies
  A mummy priest (Tomb:3)
  2 ice dragons (Coc:7)
  A quicksilver dragon skeleton (Coc:7)
  A rakshasa (Pan)
  9 death scarabs
  2 shadow wraiths (Pan)
  A titan skeleton (Geh:7)
  A soul eater (Pan)
  4 skeletal warriors
  3 glowing orange brains (Pan)
  2 cherubim (Pan)
  A torturous demonspawn (Pan)
  2 wizards (Pan)
  3 large abominations (Pan)
  A shadow demon (Tar:7)
  2 fire giant zombies
  An ice statue (Coc:7)
  2 smoke demons
  A titan simulacrum (Coc:7)
  A molten gargoyle (Geh:7)
  A storm dragon simulacrum (Coc:7)
  A hellion (Geh:7)
  An orange demon (Pan)
  2 demonic crawlers (Pan)
  An efreet (Geh:7)
  16 guardian mummies
  A red devil (Geh:7)
  2 hydra zombies (Coc:7)
  A bog body (Coc:7)
  4 flying skulls (Coc:7)
  2 ushabtiu (Tomb:3)
  A golden eye (Pan)
  A neqoxec (Pan)
  A black mamba skeleton (Pan)
  A hungry ghost (Tar:7)
  A hydra simulacrum (Coc:7)
  A hell hound (Geh:7)
  An eye of draining (Pan)
  A centaur skeleton (Coc:7)
  14 mummies
  A fire vortex (Pan)
147 creatures vanquished.

Vanquished Creatures (others)
  An ancient lich (Tomb:2)
  An iron giant (Dis:7)
  A lich (Depths:2)
  5 deep elf master archers
  An eldritch tentacle (Pan)
  A draconian knight (Zot:3)
  A frost giant (Crypt:3)
  A ghost moth (Spider:4)
  An elemental wellspring (Coc:7)
  A stone giant (Crypt:1)
  A green draconian (Hell)
  2 spriggan air magi (Pan)
  An ogre mage (Vaults:3)
  A death scarab (Tomb:3)
  A hell hog (Geh:4)
  A wizard (Pan)
  2 deep elf archers
  2 jumping spiders (Spider:4)
  A hornet (Swamp:2)
  A raiju (Abyss:2)
  A golden eye (Pan)
  A chaos spawn (Abyss:1)
  A swamp worm (Swamp:3)
  A hell hound (Geh:4)
  3 boggarts
  2 small abominations (Abyss:3)
  A wight (Geh:3)
  A starcursed mass (Abyss:1)
  3 white imps
  2 ufetubi (IceCv)
  15 ball lightnings (Pan)
  A briar patch (Swamp:4)
  A fire vortex (Pan)
  3 fungi
  5 lurking horrors
  4 plants (Lair:6)
  39 starspawn tentacles
  18 tentacles
  31 withered plants
160 creatures vanquished.

Grand Total: 5458 creatures vanquished

Notes
Turn   | Place    | Note
-------+----------+-------------------------------------------
     0 | D:1      | gohu56 the Minotaur Fighter began the quest for the Orb.
     0 | D:1      | Reached XP level 1. HP: 19/19 MP: 0/0
    71 | D:1      | Reached XP level 2. HP: 27/27 MP: 1/1
   477 | D:2      | Reached XP level 3. HP: 33/33 MP: 2/2
   531 | D:2      | Noticed Robin
   542 | D:2      | Killed Robin
   571 | D:2      | Reached XP level 4. HP: 35/40 MP: 3/3
  1096 | D:3      | Reached XP level 5. HP: 19/47 MP: 4/4
  1462 | D:3      | Reached skill level 5 in Axes
  1588 | D:3      | Found a shattered altar of Ashenzari.
  2218 | D:5      | Entered Level 5 of the Dungeon
  2295 | D:4      | Reached XP level 6. HP: 52/55 MP: 5/5
  2297 | D:4      | Reached skill level 5 in Fighting
  2727 | D:4      | Reached skill level 5 in Armour
  2727 | D:4      | Reached skill level 5 in Shields
  2734 | D:3      | Reached XP level 7. HP: 58/61 MP: 6/6
  2968 | D:4      | Noticed Dowan
  2992 | D:4      | Noticed Duvessa
  3273 | D:4      | Killed Duvessa
  3273 | D:4      | Killed Dowan
  3273 | D:4      | Reached XP level 8. HP: 35/70 MP: 7/7
  3475 | D:4      | Found a staircase to the Ecumenical Temple.
  3481 | Temple   | Entered the Ecumenical Temple
  3500 | Temple   | Became a worshipper of Warmaster Okawaru
  4049 | D:5      | Reached * piety under Okawaru
  5015 | D:7      | Reached XP level 9. HP: 44/79 MP: 8/8
  5243 | D:7      | Reached skill level 10 in Axes
  5367 | D:7      | Reached ** piety under Okawaru
  5612 | D:7      | Got a bloodstained falchion
  6251 | D:8      | Found a large runed translucent door.
  6251 | D:8      | Found a large runed translucent door.
  6252 | D:8      | Noticed ciphuk's ghost (novice HOAK)
  6383 | D:8      | Reached *** piety under Okawaru
  6710 | D:8      | Reached skill level 1 in Invocations
  6761 | D:8      | Identified the cursed +0 falchion of the Valley of Death
                  | {protect, Dex+3} (You found it on level 7 of the Dungeon)
  6840 | D:8      | Reached XP level 10. HP: 84/88 MP: 9/9
  7032 | D:8      | Found a sparkling altar of Nemelex Xobeh.
  7033 | D:8      | Found a glowing silver altar of Zin.
  7101 | D:8      | Found a stormy altar of Qazlal.
  7248 | D:10     | Entered Level 10 of the Dungeon
  7915 | D:9      | Reached **** piety under Okawaru
  8259 | D:10     | Received a gift from Okawaru
  8273 | D:10     | Found a runed translucent gate.
  8277 | D:10     | Found a runed translucent gate.
  8277 | D:10     | Found an opulent altar of Gozag.
  8278 | D:10     | Found a runed translucent gate.
  8279 | D:10     | Noticed Curus's ghost (journeyman MfTm)
  8385 | D:10     | HP: 2/90 [something (8)]
  8395 | D:10     | HP: 4/135 [something (8)]
  9361 | D:10     | Found a staircase to the Lair.
  9463 | D:11     | Identified a scroll of acquirement
  9467 | D:11     | Got a twisted cloak
  9473 | D:11     | Identified the +5 cloak "Tuawor" {rPois rN+ Dex+4} (You
                  | acquired it on level 11 of the Dungeon)
  9578 | D:12     | Reached XP level 11. HP: 95/95 MP: 11/11
  9625 | D:11     | Noticed Urug
  9642 | D:11     | Killed Urug
  9916 | D:11     | Reached ***** piety under Okawaru
  9932 | D:11     | Found a staircase to the Orcish Mines.
  9932 | D:11     | Noticed a red ugly thing
 10069 | D:11     | Reached skill level 10 in Shields
 10276 | D:11     | Reached skill level 10 in Armour
 10299 | D:11     | Noticed a two-headed ogre
 10308 | D:11     | Killed a two-headed ogre
 10356 | D:11     | Killed a red ugly thing
 10881 | D:12     | Noticed Fannar
 11018 | D:12     | Killed Fannar
 11329 | D:13     | Noticed a two-headed ogre
 11486 | D:12     | Received a gift from Okawaru
 11544 | D:12     | Reached skill level 10 in Fighting
 11649 | D:12     | Found a portal to a secret trove of treasure.
 11668 | D:12     | Noticed a death knight
 11669 | D:12     | Noticed a skeletal warrior
 11673 | D:12     | Noticed a skeletal warrior
 11802 | D:8      | Killed ciphuk's ghost
 11843 | D:8      | Found a shadowy altar of Dithmenos.
 11928 | Lair:1   | Entered Level 1 of the Lair of Beasts
 11963 | Lair:1   | Found a white marble altar of Elyvilon.
 11999 | Lair:1   | Reached XP level 12. HP: 89/106 MP: 12/12
 12609 | Lair:2   | Reached skill level 15 in Axes
 12620 | Lair:3   | Found a hole to the Spider Nest.
 12649 | Lair:2   | Noticed an eight-headed hydra
 12663 | Lair:2   | Killed an eight-headed hydra
 12663 | Lair:2   | Received a gift from Okawaru
 13142 | Lair:2   | Found a sparkling altar of Nemelex Xobeh.
 13208 | Lair:2   | Reached skill level 1 in Maces & Flails
 13210 | Lair:2   | Noticed Nergalle
 13228 | Lair:2   | Killed Nergalle
 13539 | Lair:2   | Found a staircase to the Swamp.
 14821 | Lair:4   | Received a gift from Okawaru
 15131 | Lair:4   | Reached XP level 13. HP: 116/116 MP: 14/14
 15288 | Lair:4   | Received a gift from Okawaru
 15291 | Lair:4   | Got a shimmering chain mail {god gift}
 15313 | Lair:4   | Identified the +4 chain mail of the Saviour {+Fly rPois
                  | rCorr} (Okawaru gifted it to you on level 4 of the Lair of
                  | Beasts)
 15978 | Lair:6   | Entered Level 6 of the Lair of Beasts
 15978 | Lair:6   | Noticed Snorg
 15990 | Lair:6   | Killed Snorg
 16253 | Lair:5   | Noticed Kirke
 16370 | Lair:5   | Noticed a sphinx
 16371 | Lair:5   | Noticed a sphinx
 16380 | Lair:5   | Killed Kirke
 16916 | Lair:6   | Found a runed translucent door.
 16917 | Lair:6   | Noticed Cykl0x's ghost (adept FoFi)
 17411 | Lair:6   | Found a staircase to the Slime Pits.
 17872 | Lair:6   | Noticed a dire elephant
 17872 | Lair:6   | Noticed a dire elephant
 17882 | Lair:6   | Noticed a dire elephant
 17890 | Lair:6   | Killed a dire elephant
 17893 | Lair:6   | Killed a dire elephant
 17893 | Lair:6   | Reached ****** piety under Okawaru
 17898 | Lair:6   | Killed a dire elephant
 17898 | Lair:6   | Received a gift from Okawaru
 18206 | Lair:6   | Noticed a dire elephant
 18213 | Lair:6   | Noticed a dire elephant
 18220 | Lair:6   | Killed a dire elephant
 18230 | Lair:6   | Killed a dire elephant
 18921 | Orc:1    | Entered Level 1 of the Orcish Mines
 18933 | D:11     | Reached XP level 14. HP: 117/127 MP: 13/15
 19263 | Orc:1    | Found a runed translucent gate.
 19263 | Orc:1    | Found a runed translucent gate.
 19265 | Orc:1    | Found a runed translucent gate.
 19268 | Orc:1    | Noticed Htamos's ghost (journeyman HOFi)
 19269 | Orc:1    | Noticed a stone giant
 19270 | Orc:1    | Noticed an orc warlord
 19538 | Orc:2    | Entered Level 2 of the Orcish Mines
 19538 | Orc:2    | Found Meotaacvu's Weapon Boutique.
 19578 | Orc:2    | Found a staircase to the Elven Halls.
 19845 | Orc:2    | Found a dark tunnel.
 19866 | Volcano  | Entered a volcano
 20223 | Volcano  | Found a burning altar of Makhleb.
 20248 | Volcano  | Found a radiant altar of Vehumet.
 20370 | Orc:2    | Noticed an orc warlord
 20402 | Orc:2    | Killed an orc warlord
 21347 | Orc:2    | Found Zysk's Antique Weapon Boutique.
 21347 | Orc:2    | Found Ytill's Jewellery Emporium.
 21349 | Orc:2    | Found Von Susk's Food Shoppe.
 21351 | Orc:2    | Found Zemepihi's Assorted Antiques.
 21366 | Orc:2    | Bought a forked glass wand for 120 gold pieces
 21674 | D:12     | Received a gift from Okawaru
 21677 | D:12     | Got a pair of polished boots {god gift}
 21688 | D:12     | Identified the +2 pair of boots "Baoluute" {rPois rN+}
                  | (Okawaru gifted it to you on level 12 of the Dungeon)
 22039 | D:14     | Found a gate to the Vaults.
 22039 | D:14     | Noticed Nessos
 22055 | D:13     | Killed Nessos
 22055 | D:13     | Reached skill level 15 in Shields
 22234 | D:13     | Found Woferhoe's Book Boutique.
 23145 | D:14     | Reached skill level 15 in Fighting
 23241 | D:14     | Reached XP level 15. HP: 141/141 MP: 17/17
 23249 | D:15     | Entered Level 15 of the Dungeon
 24095 | D:15     | Identified Roxanne's Grimoire of the Mountains
 24095 | D:15     | Noticed Roxanne
 24696 | D:15     | Noticed Azrael
 24728 | D:15     | Received a gift from Okawaru
 24748 | D:15     | Killed Azrael
 24760 | D:15     | Got a heavily runed plate armour {god gift}
 24776 | D:14     | Identified the +0 plate armour of the Castellan {-Cast rN+
                  | rCorr Str+4} (Okawaru gifted it to you on level 15 of the
                  | Dungeon)
 25563 | D:15     | Found a staircase to the Depths.
 25761 | Spider:1 | Entered Level 1 of the Spider Nest
 26051 | Spider:1 | Noticed Frances
 26069 | Spider:1 | Killed Frances
 26332 | Spider:1 | Killed a ghost moth
 26582 | Spider:2 | Reached skill level 5 in Invocations
 27111 | Spider:2 | Received a gift from Okawaru
 27998 | Spider:3 | Reached XP level 16. HP: 115/157 MP: 17/19
 28101 | Spider:4 | Entered Level 4 of the Spider Nest
 28118 | Spider:4 | Reached skill level 15 in Armour
 28618 | Spider:3 | Received a gift from Okawaru
 28621 | Spider:3 | Got a bloodstained hat {god gift}
 28627 | Spider:3 | Identified the +2 hat "Medunn" {rC++ MR+} (Okawaru gifted
                  | it to you on level 3 of the Spider Nest)
 29168 | Spider:4 | Noticed Arachne
 29183 | Spider:4 | Killed Arachne
 29707 | Spider:4 | Identified the +1 shield of the Evening Star {rElec Regen+}
 29707 | Spider:4 | Noticed Donald
 29724 | Spider:4 | Killed Donald
 30386 | Spider:4 | Got a gossamer rune of Zot
 30600 | Lair:6   | Killed Cykl0x's ghost
 30600 | Lair:6   | Received a gift from Okawaru
 30793 | Swamp:1  | Entered Level 1 of the Swamp
 30835 | Swamp:1  | Got a jewelled cloak
 31120 | Swamp:1  | Found a frozen archway.
 31129 | IceCv    | Entered an ice cave
 31604 | IceCv    | Noticed an Ice Fiend
 31625 | IceCv    | Reached XP level 17. HP: 167/170 MP: 12/20
 31646 | IceCv    | Killed an Ice Fiend
 31646 | IceCv    | Reached skill level 1 in Long Blades
 33108 | Swamp:2  | You fall through a shaft!
 33349 | Swamp:3  | Received a gift from Okawaru
 33697 | Swamp:4  | Entered Level 4 of the Swamp
 34259 | Swamp:4  | Reached skill level 1 in Evocations
 34959 | Swamp:4  | Reached skill level 5 in Long Blades
 34981 | Swamp:4  | Noticed the 27-headed Lernaean hydra
 35114 | Swamp:4  | Killed the 20-headed Lernaean hydra
 35201 | Swamp:4  | Noticed Louise
 35255 | Swamp:4  | Killed Louise
 35255 | Swamp:4  | Reached XP level 18. HP: 117/183 MP: 22/22
 35298 | Swamp:4  | Got a decaying rune of Zot
 35482 | Swamp:4  | Identified the +0 cloak of Hedge Wizardry {rF+ MR+} (You
                  | acquired it on level 1 of the Swamp)
 35786 | Vaults:1 | Entered Level 1 of the Vaults
 35886 | Vaults:1 | Received a gift from Okawaru
 36508 | Vaults:1 | Found Fosoc's Gadget Shoppe.
 36597 | Vaults:1 | Received a gift from Okawaru
 37510 | Vaults:2 | Reached skill level 5 in Evocations
 37726 | Vaults:2 | Received a gift from Okawaru
 38260 | Vaults:2 | Reached XP level 19. HP: 195/195 MP: 24/24
 38354 | Vaults:2 | Received a gift from Okawaru
 39524 | Vaults:4 | Found a runed translucent gate.
 39525 | Vaults:4 | Found a runed translucent gate.
 39525 | Vaults:4 | Found a runed translucent gate.
 39525 | Vaults:4 | Noticed nano's ghost (adept CeBe)
 39613 | Vaults:3 | Noticed Aizul
 39640 | Vaults:3 | Killed Aizul
 39877 | Vaults:3 | Received a gift from Okawaru
 40024 | Vaults:3 | Found a staircase to the Crypt.
 40914 | Vaults:4 | Found an iron altar of Okawaru.
 41105 | Depths:1 | Entered Level 1 of the Depths
 41134 | Depths:1 | Found a gateway to Hell.
 41265 | Depths:1 | Reached XP level 20. HP: 130/211 MP: 25/25
 41478 | Depths:1 | Paralysed by you for 7 turns
 41490 | Depths:1 | Found a one-way gate leading to the halls of Pandemonium.
 41675 | Depths:1 | Found a shimmering altar of Xom.
 42475 | Depths:2 | Found a one-way gate to the infinite horrors of the Abyss.
 42615 | Depths:2 | Received a gift from Okawaru
 42618 | Depths:2 | Got a pair of faintly humming gloves {god gift}
 42630 | Depths:2 | Identified the +0 pair of gloves of Qigeithe {rPois}
                  | (Okawaru gifted it to you on level 2 of the Depths)
 42693 | Depths:2 | Found a runed translucent gate.
 42693 | Depths:2 | Found a runed translucent gate.
 42693 | Depths:2 | Found a runed translucent gate.
 43586 | Depths:3 | Found a transporter.
 43830 | Depths:2 | Found Neyxu's Magic Scroll Emporium.
 43838 | Depths:2 | Bought a scroll of brand weapon for 320 gold pieces
 43838 | Depths:2 | Bought a scroll of identify for 32 gold pieces
 43839 | Depths:2 | Bought a scroll of brand weapon for 320 gold pieces
 43839 | Depths:2 | Bought a scroll of enchant armour for 120 gold pieces
 43839 | Depths:2 | Bought a scroll of teleportation for 48 gold pieces
 44277 | Depths:2 | Found a runed translucent gate.
 44277 | Depths:2 | Found a runed translucent gate.
 44277 | Depths:2 | Found a runed translucent gate.
 44642 | Depths:3 | Noticed Jabberih's ghost (veteran DrFE)
 44645 | Depths:3 | Noticed Jabberih's ghost (veteran DrFE)
 44699 | Depths:3 | Noticed an ancient lich
 44927 | Depths:3 | Found a transporter.
 44985 | Depths:3 | Received a gift from Okawaru
 44987 | Depths:3 | Noticed Sojobo
 45020 | Depths:3 | Killed Sojobo
 45020 | Depths:3 | Reached skill level 10 in Invocations
 45545 | Depths:3 | Reached XP level 21. HP: 165/222 MP: 27/27
 45960 | Depths:3 | Noticed a golden dragon
 46054 | Depths:3 | Killed a golden dragon
 46054 | Depths:3 | Reached skill level 27 in Fighting
 46367 | Depths:3 | Paralysed by a floating eye for 2 turns
 46572 | Depths:3 | Noticed a golden dragon
 46589 | Depths:3 | Killed a golden dragon
 46984 | Elf:1    | Entered Level 1 of the Elven Halls
 47106 | Elf:1    | Found the +0 pair of fencer's gloves {Riposte Dex+3}
 47299 | Elf:1    | Got a slimy plate armour
 47317 | Elf:1    | Identified the +11 plate armour of the Bulwark {Str+7 SInv}
                  | (You acquired it on level 1 of the Elven Halls)
 47526 | Elf:1    | Found Tiekill's Assorted Antiques.
 47540 | Elf:1    | Bought a scroll labeled URYTRE OTOAS for 33 gold pieces
 47540 | Elf:1    | Bought a faintly glowing emerald amulet for 165 gold pieces
 47540 | Elf:1    | Bought a scroll of identify for 66 gold pieces
 47540 | Elf:1    | Bought a scroll of identify for 66 gold pieces
 47540 | Elf:1    | Bought a scroll of identify for 66 gold pieces
 47734 | D:12     | You paid a toll of 24 scrolls of identify to enter a
                  | treasure trove
 47735 | Trove    | Entered a treasure trove
 47788 | Trove    | Got a twitching copper ring
 47792 | Trove    | Got a warped amethyst amulet
 47794 | Trove    | Got a serpentine ruby amulet
 47796 | Trove    | Got a glittering iron amulet
 47808 | Trove    | Got a fine bone ring
 47824 | Trove    | Identified the cursed ring "Bafeshrase" {*Corrode rN+ EV-3
                  | Str+5} (You found it in a treasure trove)
 47851 | Trove    | Got a translucent ivory ring
 47853 | Trove    | Got a smoking bone ring
 47864 | Trove    | Identified the ring "Gituhe" {AC+3 Str+4} (You found it in
                  | a treasure trove)
 47866 | Trove    | Identified the ring "Fiesm" {+Fly Str+3 Slay+2} (You found
                  | it in a treasure trove)
 47868 | Trove    | Identified the ring "Kegaruni" {rCorr rPois MR- Int+4
                  | Dex+3} (You found it in a treasure trove)
 47879 | Trove    | Got a scorched golden ring
 47889 | Trove    | Identified the ring of Taor {rPois rF+ rC+ Str+4 SInv} (You
                  | found it in a treasure trove)
 47898 | Trove    | Got a scorched golden amulet
 47931 | D:12     | Identified the amulet "Quat" {Spirit Dex+4} (You found it
                  | in a treasure trove)
 47933 | D:12     | Identified the amulet of Makhleb's Whim {Spirit *Slow +Fly
                  | rElec Dex-5} (You found it in a treasure trove)
 47935 | D:12     | Identified the amulet "Uhepp" {Gourm rN+++} (You found it
                  | in a treasure trove)
 47937 | D:12     | Identified the amulet "Zuapelus" {Spirit Fragile rElec
                  | rPois Int-3} (You found it in a treasure trove)
 47939 | D:12     | Identified the amulet "Vofruirph" {Reflect +Fly rN++ Int-3
                  | Slay+5 SH+4} (You bought it in a shop on level 1 of the
                  | Elven Halls)
 48046 | Orc:1    | Learned a level 1 spell: Apportation
 48266 | Elf:1    | Received a gift from Okawaru
 48269 | Elf:1    | Got a bronze plate armour {god gift}
 48393 | Elf:1    | Identified the Catalogue of Creative Attacks
 48633 | Elf:3    | Entered Level 3 of the Elven Halls
 48906 | Elf:2    | Found a runed translucent gate.
 48906 | Elf:2    | Found a runed translucent gate.
 48907 | Elf:2    | Found a runed translucent gate.
 49494 | Elf:2    | Found a runed translucent gate.
 49495 | Elf:2    | Noticed Fuonemn's ghost (veteran DDBe)
 49496 | Elf:2    | Found a runed translucent gate.
 49498 | Elf:2    | Found a runed translucent gate.
 49582 | Elf:2    | Killed Fuonemn's ghost
 49958 | Elf:3    | Reached XP level 22. HP: 226/233 MP: 29/29
 50129 | Elf:3    | Received a gift from Okawaru
 50557 | Elf:3    | Paralysed by a floating eye for 4 turns
 50957 | Elf:3    | Got a crude silver amulet
 51038 | Elf:3    | Identified the Papyrus of Earth
 51088 | Elf:3    | Identified the +8 plate armour "Hiuckif" {MP+9 Dex+4}
                  | (Okawaru gifted it to you on level 1 of the Elven Halls)
 51122 | Elf:3    | Got a coiled marble ring
 51144 | Elf:3    | Identified the ring of Xom's Vengeance {*Drain +Fly rElec
                  | rF+++ rC+} (You found it on level 3 of the Elven Halls)
 51146 | Elf:3    | Identified the amulet "Itauz" {Reflect rPois rC- Slay+2
                  | SH+2} (You found it on level 3 of the Elven Halls)
 51643 | Depths:4 | Noticed Boris
 51663 | Depths:4 | Killed Boris
 51663 | Depths:4 | Received a gift from Okawaru
 51666 | Depths:4 | Got a translucent executioner's axe {god gift}
 51699 | Depths:3 | Identified the +1 executioner's axe "Epom" {chop, rElec
                  | MR+++ Str-4 Dex-2} (Okawaru gifted it to you on level 4 of
                  | the Depths)
 52063 | Depths:4 | Received a gift from Okawaru
 52097 | Depths:4 | Found a gateway to a ziggurat.
 52133 | Depths:4 | Paralysed by a sphinx for 2 turns
 52158 | Depths:5 | Entered Level 5 of the Depths
 52201 | Depths:5 | Found a gate to the Realm of Zot.
 52201 | Depths:5 | Noticed a golden dragon
 52212 | Depths:5 | Killed a golden dragon
 52224 | Depths:5 | Reached XP level 23. HP: 174/238 MP: 24/30
 52374 | Depths:5 | Found a magical portal.
 52378 | WizLab   | Entered The Roulette of Golubria
 52378 | WizLab   | Found a transporter.
 52454 | WizLab   | Found a corrupted altar of Lugonu.
 52563 | WizLab   | Found a transporter.
 52578 | WizLab   | Found a corrupted altar of Lugonu.
 52579 | WizLab   | Found a transporter.
 52632 | WizLab   | Found a transporter.
 52645 | WizLab   | Found a transporter.
 52684 | WizLab   | Found a transporter.
 52694 | WizLab   | Found a transporter.
 52728 | WizLab   | Found a transporter.
 52766 | WizLab   | Found a transporter.
 52787 | WizLab   | Found a transporter.
 52982 | WizLab   | Found a transporter.
 53009 | WizLab   | Found a transporter.
 53009 | WizLab   | Found a transporter.
 53039 | WizLab   | Found the +2 ratskin cloak {+Rats rPois rN+ Str-1 Int-1
                  | Dex+1}
 53094 | WizLab   | Got a jewelled cloak
 53121 | WizLab   | Found a transporter.
 53121 | WizLab   | Found a transporter.
 53133 | WizLab   | Found a transporter.
 53135 | WizLab   | Lost intelligence.
 53196 | WizLab   | Identified the +5 cloak of the Loofah {rN+} (You found it
                  | in a wizard's laboratory)
 53261 | WizLab   | Found a transporter.
 53261 | WizLab   | Found a transporter.
 53277 | WizLab   | Identified Lom Lobon's Handbook of Translocation
 53301 | WizLab   | Found a transporter.
 53301 | WizLab   | Found a transporter.
 53664 | Depths:5 | Noticed a caustic shrike
 53665 | Depths:5 | Noticed a caustic shrike
 53665 | Depths:5 | Noticed a caustic shrike
 53681 | Depths:5 | Killed a caustic shrike
 53684 | Depths:5 | Killed a caustic shrike
 53684 | Depths:5 | Received a gift from Okawaru
 53708 | Depths:5 | Got a pair of steaming gloves {god gift}
 53816 | Depths:5 | Reached skill level 27 in Armour
 53829 | Depths:5 | Reached skill level 1 in Fire Magic
 53846 | Depths:5 | Noticed a caustic shrike
 53851 | Depths:5 | Noticed a caustic shrike
 53852 | Depths:5 | Killed a caustic shrike
 53852 | Depths:5 | Reached skill level 1 in Spellcasting
 53852 | Depths:5 | Reached skill level 1 in Translocations
 53861 | Depths:5 | Killed a caustic shrike
 53867 | Depths:5 | Killed a caustic shrike
 54057 | Depths:5 | Found Onuet's Book Boutique.
 54171 | Depths:5 | Paralysed by a floating eye for 2 turns
 54487 | Depths:4 | Identified the Incunabulum of Orientation and Fire
 54927 | Vaults:4 | Killed nano's ghost
 54994 | Vaults:5 | Entered Level 5 of the Vaults
 54994 | Vaults:5 | Noticed Mennas
 55017 | Vaults:5 | Killed Mennas
 55017 | Vaults:5 | Received a gift from Okawaru
 55017 | Vaults:5 | Reached skill level 5 in Fire Magic
 55045 | Vaults:5 | Reached XP level 24. HP: 226/247 MP: 28/30
 55067 | Vaults:5 | Reached skill level 10 in Long Blades
 55111 | Vaults:5 | Gained mutation: You are weak. (Str -2) [a shining eye]
 55188 | Vaults:5 | Reached skill level 5 in Translocations
 55211 | Vaults:5 | Received a gift from Okawaru
 55250 | Vaults:5 | Identified the +1 pair of gloves of the Clam {SInv}
                  | (Okawaru gifted it to you on level 5 of the Depths)
 55318 | Vaults:5 | Got a bloodstained broad axe {god gift}
 55330 | Vaults:5 | Identified the +0 broad axe "Cisas" {chop, Int+4} (Okawaru
                  | gifted it to you on level 5 of the Vaults)
 55451 | Vaults:5 | Found Docwal's Jewellery Emporium.
 55466 | Vaults:5 | Reached skill level 5 in Spellcasting
 55570 | Vaults:5 | Found Gamid's Antique Weapon Boutique.
 55711 | Vaults:5 | Got a silver rune of Zot
 55713 | Vaults:5 | Identified Sif Muna's Catalogue of Poison and Combat Magic
 55946 | Vaults:5 | Found Hiuzelaph's Gadget Shop.
 55946 | Vaults:5 | Found Uciu's Distillery.
 55950 | Vaults:5 | Bought a potion of might for 52 gold pieces
 55950 | Vaults:5 | Bought a potion of heal wounds for 65 gold pieces
 55950 | Vaults:5 | Bought 3 potions of agility for 156 gold pieces
 55950 | Vaults:5 | Bought 2 potions of might for 104 gold pieces
 55950 | Vaults:5 | Bought a potion of curing for 39 gold pieces
 55993 | Vaults:5 | Noticed an ancient lich
 56008 | Vaults:5 | Killed an ancient lich
 56011 | Vaults:5 | Received a gift from Okawaru
 56175 | Vaults:5 | Noticed Bai Suzhen
 56222 | Vaults:5 | Killed Bai Suzhen
 56337 | Vaults:5 | Learned a level 2 spell: Blink
 56766 | Slime:1  | Entered Level 1 of the Pits of Slime
 56819 | Slime:1  | Reached XP level 25. HP: 222/255 MP: 23/31
 56859 | Slime:3  | Reached skill level 10 in Fire Magic
 56871 | Slime:3  | Gained mutation: You are partially covered in molten
                  | scales. (AC +2) [a shining eye]
 56873 | Slime:3  | Gained mutation: Your magical capacity is low. (-10% MP) [a
                  | shining eye]
 57088 | Slime:3  | Gained mutation: You are dopey. (Int -2) [a shining eye]
 57131 | Slime:5  | Entered Level 5 of the Pits of Slime
 57495 | Slime:5  | Noticed the Royal Jelly
 57511 | Slime:5  | Killed the Royal Jelly
 57556 | Slime:5  | Received a gift from Okawaru
 57577 | Slime:5  | Lost intelligence.
 57577 | Slime:5  | Gained mutation: You are very dopey. (Int -4) [a shining
                  | eye]
 57579 | Slime:5  | Gained mutation: You have sharp toenails. [a shining eye]
 57613 | Slime:5  | Identified the Almanac of Confrontation and Lightness
 57616 | Slime:5  | Got a smoking platinum ring
 57665 | Slime:5  | Got a slimy rune of Zot
 57779 | Slime:5  | Identified the ring "Jussefehor" {rPois rC+++ Dex-5 Slay+2
                  | SInv} (You found it on level 5 of the Pits of Slime)
 57789 | Slime:5  | Got a dazzling plate armour
 57831 | Slime:5  | Identified the +7 plate armour "Tismu" {rPois rF+ Regen+
                  | Int+3 Stlth-} (You found it on level 5 of the Pits of
                  | Slime)
 57905 | Slime:5  | Got a smoking buckler
 57907 | Slime:5  | Got a polished buckler
 57918 | Slime:5  | Identified the +0 buckler "Osuad" {rF- MR- rCorr Dex+6}
                  | (You acquired it on level 5 of the Pits of Slime)
 57928 | Slime:5  | Identified the +1 buckler of Diog {MR+ Int+6 Slay+3} (You
                  | acquired it on level 5 of the Pits of Slime)
 58431 | Zot:1    | Entered Level 1 of the Realm of Zot
 58694 | Zot:1    | HP: 12/255 [yellow draconian annihilator/iron shot (41)]
 58699 | Zot:1    | HP: 10/257 [yellow draconian annihilator/+0 short sword
                  | (7)]
 58700 | Zot:1    | Gained mutation: You are very weak. (Str -4) [mutagenic
                  | glow]
 58709 | Zot:1    | HP: 11/257 [shadow dragon/bolt of negative energy (8)]
 58711 | Zot:1    | HP: 1/257 [shadow dragon (10)]
 58739 | Depths:5 | Gained mutation: Your spells are a little easier to cast,
                  | but a little less powerful. [mutagenic glow]
 59023 | Depths:5 | Received a gift from Okawaru
 59353 | Zot:1    | Found a runed translucent door.
 59355 | Zot:1    | Noticed happinesssam's ghost (master MiBe)
 59743 | Zot:1    | Killed happinesssam's ghost
 59747 | Zot:1    | Got a fine ruby amulet
 59752 | Zot:1    | Identified the amulet "Mamaer Zoan" {RegenMP rPois rC-
                  | MR+++ Dex+2} (You found it on level 1 of the Realm of Zot)
 59802 | Zot:2    | Reached skill level 10 in Translocations
 59838 | Zot:2    | Reached XP level 26. HP: 201/266 MP: 31/31
 59886 | Zot:2    | Learned a level 4 spell: Passage of Golubria
 60109 | Zot:2    | Received a gift from Okawaru
 60470 | Zot:2    | Reached skill level 10 in Spellcasting
 61556 | Zot:3    | Received a gift from Okawaru
 61799 | Zot:3    | Lost mutation: You are very dopey. (Int -4) [potion of
                  | mutation]
 61799 | Zot:3    | Lost mutation: You are partially covered in molten scales.
                  | (AC +2) [potion of mutation]
 61799 | Zot:3    | Lost mutation: You have sharp toenails. [potion of
                  | mutation]
 61799 | Zot:3    | Gained mutation: You are agile. (Dex +2) [potion of
                  | mutation]
 61799 | Zot:3    | Gained mutation: You have large cloven feet. [potion of
                  | mutation]
 61799 | Zot:3    | Gained mutation: You have hoof-like feet. [potion of
                  | mutation]
 61799 | Zot:3    | Gained mutation: You are partially covered in large bone
                  | plates. (SH +4) [potion of mutation]
 63063 | Zot:4    | Received a gift from Okawaru
 63384 | Zot:5    | Entered Level 5 of the Realm of Zot
 63633 | Zot:5    | Reached XP level 27. HP: 217/273 MP: 11/33
 63948 | Zot:5    | Noticed an ancient lich
 63965 | Zot:5    | Killed an ancient lich
 63984 | Zot:5    | Noticed an ancient lich
 64012 | Zot:5    | Killed an ancient lich
 64148 | Zot:5    | Noticed an orb of fire
 64148 | Zot:5    | Noticed an orb of fire
 64149 | Zot:5    | Lost mutation: You are agile. (Dex +2) [an orb of fire]
 64151 | Zot:5    | Gained mutation: Armour fits poorly on your strangely
                  | shaped body. [an orb of fire]
 64172 | Zot:5    | Killed an orb of fire
 64195 | Zot:5    | Killed an orb of fire
 64793 | Zot:5    | Noticed an orb of fire
 64805 | Zot:5    | Noticed an orb of fire
 64805 | Zot:5    | Lost mutation: Your spells are a little easier to cast, but
                  | a little less powerful. [an orb of fire]
 64840 | Zot:5    | Killed an orb of fire
 64840 | Zot:5    | Received a gift from Okawaru
 64848 | Zot:5    | Killed an orb of fire
 64849 | Zot:5    | HP: 8/273 [green draconian knight/bolt of cold (8)]
 66019 | Depths:4 | Voluntarily entered the Abyss.
 66036 | Abyss:1  | Found a corrupted altar of Lugonu.
 66719 | Abyss:3  | Paralysed by accursed screaming for 1 turns
 66766 | Abyss:3  | Reached skill level 15 in Translocations
 66888 | Abyss:3  | Gained mutation: Your body sometimes deteriorates upon
                  | taking damage. [a neqoxec]
 66907 | Abyss:3  | Paralysed by accursed screaming for 1 turns
 66913 | Abyss:3  | Paralysed by accursed screaming for 1 turns
 67085 | Abyss:3  | Received a gift from Okawaru
 67162 | Abyss:4  | Gained mutation: You are frail. (-10% HP) [a neqoxec]
 67195 | Abyss:4  | Got an abyssal rune of Zot
 67196 | Abyss:4  | Lost intelligence.
 67310 | Depths:4 | Escaped the Abyss
 67711 | Temple   | Fell from the grace of Okawaru
 67711 | Temple   | Became a worshipper of the Shining One
 68067 | Crypt:1  | Entered Level 1 of the Crypt
 68185 | Crypt:1  | Reached * piety under the Shining One
 68193 | Crypt:1  | Lost mutation: Armour fits poorly on your strangely shaped
                  | body. [potion of mutation]
 68193 | Crypt:1  | Lost mutation: Your body sometimes deteriorates upon taking
                  | damage. [potion of mutation]
 68193 | Crypt:1  | Gained mutation: Armour fits poorly on your strangely
                  | shaped body. [potion of mutation]
 68193 | Crypt:1  | Gained mutation: Your flesh is heat resistant. (rF+)
                  | [potion of mutation]
 68193 | Crypt:1  | Gained mutation: You passively map a small area around you.
                  | [potion of mutation]
 68354 | Crypt:1  | Reached ** piety under the Shining One
 68384 | Crypt:1  | Reached *** piety under the Shining One
 68791 | Crypt:2  | Reached **** piety under the Shining One
 69056 | Crypt:2  | Reached ***** piety under the Shining One
 69629 | Crypt:3  | Entered Level 3 of the Crypt
 69765 | Crypt:3  | Reached skill level 15 in Long Blades
 69904 | Crypt:3  | Reached ****** piety under the Shining One
 69913 | Crypt:3  | Identified a +9 broad axe of holy wrath (a +9 broad axe of
                  | venom blessed by the Shining One)
 69913 | Crypt:3  | Received a gift from the Shining One
 70182 | Crypt:3  | Found a basalt altar of Yredelemnul.
 70381 | Crypt:3  | Found a staircase to the Tomb.
 70842 | Crypt:3  | Identified Sasow's Collected Works on the Doomed Arsonist
 71835 | Hell     | Entered the Vestibule of Hell
 71835 | Hell     | Noticed Geryon
 71879 | Hell     | Reached skill level 15 in Invocations
 71888 | Hell     | Killed Geryon
 72106 | Hell     | Found a gateway to the Iron City of Dis.
 72177 | Hell     | Found a gateway to the decaying netherworld of Tartarus.
 72253 | Hell     | Found a gateway to the ashen valley of Gehenna.
 72673 | Dis:1    | Entered Level 1 of the Iron City of Dis
 72864 | Dis:4    | Reached skill level 1 in Dodging
 73239 | Dis:7    | Entered Level 7 of the Iron City of Dis
 73521 | Dis:7    | Was forgiven by Okawaru
 73920 | Dis:7    | Reached skill level 5 in Dodging
 74321 | Dis:7    | Identified the +4 staff of Dispater
 74321 | Dis:7    | Noticed Dispater
 74337 | Dis:7    | Killed Dispater
 74378 | Dis:7    | Identified the Disquisition on the Mountains and Beguiling
 75035 | Dis:7    | Got an iron rune of Zot
 75193 | Dis:7    | Identified the Catalogue of Earthen Creation
 75288 | Dis:7    | Got a faintly glowing lead amulet
 75340 | Dis:7    | Found the +9 staff of Wucad Mu {channel}
 75629 | Dis:7    | Found the +4 dagger "Morg" {pain, MR+ Int+5}
 75790 | Hell     | Identified the amulet "Tetaoc" {RegenMP rElec rF+ Dex+6}
                  | (You found it on level 7 of the Iron City of Dis)
 75834 | Hell     | Found a gateway to the freezing wastes of Cocytus.
 75951 | Coc:1    | Entered Level 1 of Cocytus
 76681 | Coc:7    | Entered Level 7 of Cocytus
 76755 | Coc:7    | Reached skill level 10 in Dodging
 76846 | Coc:7    | Noticed the Serpent of Hell
 76857 | Coc:7    | Killed the Serpent of Hell
 76878 | Coc:7    | Identified the +11 dagger of Muwn {pain, *Corrode MR+
                  | Int+6}
 77008 | Coc:7    | Noticed Antaeus
 77034 | Coc:7    | HP: 11/228 [Antaeus/flash freeze (18)]
 77056 | Coc:7    | HP: 6/245 [Antaeus/bolt of lightning (18)]
 77067 | Coc:7    | Lost intelligence.
 77098 | Coc:7    | HP: 11/245 [??? (4)]
 77628 | Coc:7    | Killed Antaeus
 77646 | Coc:7    | Got an icy rune of Zot
 77653 | Coc:7    | Identified the Grimoire of Dust
 77891 | Coc:7    | Identified the Catalogue of Spatial Beguiling
 78057 | Tar:1    | Entered Level 1 of Tartarus
 78391 | Tar:3    | Lost mutation: You are frail. (-10% HP) [potion of
                  | mutation]
 78391 | Tar:3    | Lost mutation: You are very weak. (Str -4) [potion of
                  | mutation]
 78391 | Tar:3    | Lost mutation: Armour fits poorly on your strangely shaped
                  | body. [potion of mutation]
 78391 | Tar:3    | Gained mutation: You have a somewhat thin skeletal
                  | structure. (Dex +2, Stealth) [potion of mutation]
 78391 | Tar:3    | Lost mutation: You are weak. (Str -2) [potion of mutation]
 78613 | Tar:7    | Entered Level 7 of Tartarus
 79037 | Tar:7    | Noticed Ereshkigal
 79054 | Tar:7    | Killed Ereshkigal
 79078 | Tar:7    | Found the +8 storm bow {elec}
 79084 | Tar:7    | Found the +8 arc blade {discharge, rElec}
 79085 | Tar:7    | Got a bone rune of Zot
 79089 | Tar:7    | Got a heavily runed lead ring
 79327 | Tar:7    | Got a transparent silver ring
 79454 | Hell     | Identified the ring of Ponupsaf {rElec rPois MR+ Str+6}
                  | (You found it on level 7 of Tartarus)
 79458 | Hell     | Identified the ring "Qixu" {Fire +Fly Dex-3 SInv Stlth+}
                  | (You found it on level 7 of Tartarus)
 79493 | Geh:1    | Entered Level 1 of Gehenna
 79498 | Geh:1    | Reached skill level 27 in Invocations
 80060 | Geh:5    | Reached skill level 10 in Evocations
 80139 | Geh:7    | Entered Level 7 of Gehenna
 81047 | Geh:7    | Identified the +7 sceptre of Asmodeus
 81047 | Geh:7    | Noticed Asmodeus
 81072 | Geh:7    | Killed Asmodeus
 81199 | Geh:7    | Got an obsidian rune of Zot
 81459 | Pan      | Entered Pandemonium
 81464 | Pan      | Gained mutation: Your body sometimes deteriorates upon
                  | taking damage. [a cacodemon]
 81483 | Pan      | Found a transporter.
 81556 | Pan      | Found a transporter.
 81586 | Pan      | Got a scorched brass ring
 81596 | Pan      | Got a fine ruby amulet
 81614 | Pan      | Identified the ring of the Hundredfold Places {rElec rF+
                  | rN+ Slay+3} (You found it in Pandemonium)
 81681 | Pan      | Found an exit through the horrors of the Abyss.
 81872 | Pan      | Identified the +1 buckler "Ginoomp" {rF+ Str+3 Dex+2}
 82737 | Pan      | Found a glowing silver altar of Zin.
 83101 | Pan      | Identified the +5 large shield of the Evil One {-Tele MR+
                  | Str+2 Dex+4}
 83683 | Pan      | Found a white marble altar of Elyvilon.
 83777 | Pan      | Identified the amulet "Geblus" {Gourm rElec rC+} (You found
                  | it in Pandemonium)
 83787 | Pan      | Got a pair of twisted boots
 83798 | Pan      | Identified the +0 pair of boots "Vallumok" {rElec rCorr
                  | Int+10 Dex-3} (You found it in Pandemonium)
 83903 | Pan      | Identified the +1 leather armour "Pasiati" {rElec Dex+2}
 84295 | Pan      | Noticed a seraph
 84318 | Pan      | Killed a seraph
 84333 | Pan      | Found a glowing golden altar of the Shining One.
 84354 | Pan      | Got a demonic rune of Zot
 84357 | Pan      | Identified the Papyrus of the Twisted Glacier
 84359 | Pan      | Identified the Volume of Changing and Calling
 84747 | Pan      | Noticed Xutas the pandemonium lord
 84756 | Pan      | Killed Xutas the pandemonium lord
 84792 | Pan      | Found a huge runed translucent gate.
 84792 | Pan      | Found a huge runed translucent gate.
 84815 | Pan      | Found an exit through the horrors of the Abyss.
 85010 | Pan      | Gained mutation: Armour fits poorly on your strangely
                  | shaped body. [a cacodemon]
 85120 | Pan      | Noticed Keoxinimo the pandemonium lord
 85130 | Pan      | Killed Keoxinimo the pandemonium lord
 85130 | Pan      | Lost intelligence.
 85287 | Pan      | Gained mutation: You are very dopey. (Int -4) [a cacodemon]
 85518 | Pan      | Found an exit through the horrors of the Abyss.
 85950 | Pan      | Noticed Asene the pandemonium lord
 85958 | Pan      | Killed Asene the pandemonium lord
 86083 | Pan      | Noticed Fuedgh the pandemonium lord
 86090 | Pan      | Killed Fuedgh the pandemonium lord
 86116 | Pan      | Got a crude plate armour
 86118 | Pan      | Entered the realm of Cerebov.
 86385 | Pan      | Identified the +3 plate armour "Tiekal" {rElec Regen+ rCorr
                  | Int-5} (You found it in Pandemonium)
 86389 | Pan      | Got a polished broad axe
 86392 | Pan      | Got a wavering amethyst amulet
 86395 | Pan      | Identified the amulet "Qebakucsaa" {Acrobat rC++ Int+4}
                  | (You found it in Pandemonium)
 86396 | Pan      | Identified the +4 broad axe "Q" {pain, rN+ MR+ Int+4} (You
                  | found it in Pandemonium)
 86405 | Pan      | Identified the +7 broad axe of Dithmenos's Pride
                  | {antimagic, rF+ MR- Str+4 Dex+2}
 86432 | Pan      | Identified Sif Muna's Almanac of Envenoming and the
                  | Arsonist
 86614 | Pan      | Identified the +1 robe "Xoonipha" {*Corrode rF+ SInv}
 86643 | Pan      | Identified the +6 sword of Cerebov {flame}
 86643 | Pan      | Noticed Cerebov
 86674 | Pan      | Killed Cerebov
 86696 | Pan      | Got a fiery rune of Zot
 87092 | Pan      | Noticed Digema the pandemonium lord
 87102 | Pan      | Killed Digema the pandemonium lord
 87140 | Pan      | Entered the realm of Mnoleg.
 87425 | Pan      | Gained mutation: Your magical capacity is very low. (-20%
                  | MP) [a shining eye]
 87426 | Pan      | Gained mutation: You tend to lose your temper in combat. [a
                  | shining eye]
 87427 | Pan      | Gained mutation: Scrolls take you a little longer to read.
                  | [a shining eye]
 87428 | Pan      | Gained mutation: Scrolls take you longer to read. [a
                  | shining eye]
 87486 | Pan      | Identified the +5 large shield "Pemoudoc" {rPois MR+ Dex-4
                  | SInv}
 87520 | Pan      | Was placed under penance by the Shining One
 87624 | Pan      | Gained mutation: You often lose your temper in combat. [a
                  | shining eye]
 87626 | Pan      | Gained mutation: You are frail. (-10% HP) [a shining eye]
 87813 | Pan      | Gained mutation: Your spells are a little easier to cast,
                  | but a little less powerful. [a neqoxec]
 87814 | Pan      | Lost mutation: Your magical capacity is very low. (-20% MP)
                  | [a neqoxec]
 87815 | Pan      | Lost mutation: Your magical capacity is low. (-10% MP) [a
                  | neqoxec]
 88002 | Pan      | Gained mutation: You have an uncontrollable temper. [a
                  | neqoxec]
 88272 | Pan      | Was forgiven by the Shining One
 88366 | Pan      | Noticed Mnoleg
 88372 | Pan      | Gained mutation: Scrolls take you much longer to read. [a
                  | neqoxec]
 88376 | Pan      | Killed Mnoleg
 88465 | Pan      | Got a glowing rune of Zot
 88671 | Pan      | Gained mutation: Your spells are easier to cast, but less
                  | powerful. [a neqoxec]
 88796 | Pan      | Noticed Saschesua the pandemonium lord
 88797 | Pan      | Killed Saschesua the pandemonium lord
 88833 | Pan      | Gained mutation: You are weak. (Str -2) [a cacodemon]
 88975 | Pan      | Entered the realm of Gloorx Vloq.
 89384 | Pan      | Found an exit through the horrors of the Abyss.
 89619 | Pan      | Reached skill level 15 in Dodging
 89632 | Pan      | Identified the +6 large shield of Dramatic Exits {rPois
                  | Regen+ Int+3}
 89734 | Pan      | Noticed Gloorx Vloq
 89748 | Pan      | Killed Gloorx Vloq
 89748 | Pan      | Reached skill level 27 in Axes
 89874 | Pan      | Got a dark rune of Zot
 90171 | Pan      | Found an exit through the horrors of the Abyss.
 90397 | Pan      | Entered the realm of Lom Lobon.
 90652 | Pan      | Noticed Lom Lobon
 90685 | Pan      | Killed Lom Lobon
 90787 | Pan      | Got a magical rune of Zot
 91161 | Depths:1 | Escaped Pandemonium
 91234 | Depths:2 | Voluntarily entered the Abyss.
 91657 | Abyss:1  | Paralysed by accursed screaming for 1 turns
 91688 | Abyss:1  | Gained mutation: Your spells are much easier to cast, but
                  | much less powerful. [a neqoxec]
 91738 | Abyss:1  | Found a corrupted altar of Lugonu.
 92267 | Abyss:2  | Gained mutation: Your body often deteriorates upon taking
                  | damage. [a shining eye]
 92397 | Abyss:2  | Found a radiant altar of Vehumet.
 92761 | Abyss:2  | Found a corrupted altar of Lugonu.
 93081 | Abyss:2  | Reached skill level 27 in Shields
 93162 | Abyss:2  | Paralysed by accursed screaming for 1 turns
 93759 | Abyss:2  | Paralysed by accursed screaming for 1 turns
 93852 | Abyss:2  | Gained mutation: You are very weak. (Str -4) [a neqoxec]
 93934 | Abyss:2  | Found a bloodstained altar of Trog.
 93988 | Depths:2 | Escaped the Abyss
 94097 | Depths:2 | Identified Sif Muna's Tome of Transmigration and Protection
 94488 | Tomb:1   | Entered Level 1 of the Tomb of the Ancients
 94565 | Tomb:1   | Noticed Mara
 94572 | Tomb:1   | Killed Mara
 94619 | Tomb:1   | Noticed Frederick
 94628 | Tomb:1   | Killed Frederick
 94874 | Tomb:1   | Noticed a greater mummy
 94881 | Tomb:1   | Killed a greater mummy
 94963 | Tomb:1   | Noticed a greater mummy
 94973 | Tomb:1   | Killed a greater mummy
 95111 | Tomb:1   | Lost mutation: You are frail. (-10% HP) [potion of
                  | mutation]
 95111 | Tomb:1   | Lost mutation: Your body often deteriorates upon taking
                  | damage. [potion of mutation]
 95111 | Tomb:1   | Lost mutation: You passively map a small area around you.
                  | [potion of mutation]
 95111 | Tomb:1   | Gained mutation: You are agile. (Dex +2) [potion of
                  | mutation]
 95137 | Tomb:2   | Noticed a greater mummy
 95140 | Tomb:2   | Noticed an ancient lich
 95141 | Tomb:2   | Noticed a greater mummy
 95142 | Tomb:2   | Noticed a greater mummy
 95147 | Tomb:2   | Killed a greater mummy
 95174 | Tomb:2   | Killed an ancient lich
 95178 | Tomb:2   | Killed a greater mummy
 95201 | Tomb:2   | Killed a greater mummy
 95665 | Tomb:1   | Noticed a greater mummy
 95669 | Tomb:1   | Noticed a greater mummy
 95674 | Tomb:1   | Killed a greater mummy
 95674 | Tomb:1   | Noticed a greater mummy
 95676 | Tomb:1   | Noticed a greater mummy
 95676 | Tomb:1   | Noticed a greater mummy
 95680 | Tomb:1   | Killed a greater mummy
 95681 | Tomb:1   | Killed a greater mummy
 95681 | Tomb:1   | Killed a greater mummy
 95688 | Tomb:1   | Killed a greater mummy
 95761 | Tomb:1   | Noticed a greater mummy
 95769 | Tomb:1   | Killed a greater mummy
 95785 | Tomb:1   | Noticed a greater mummy
 95979 | Tomb:1   | Noticed a greater mummy
 95983 | Tomb:1   | Noticed a greater mummy
 95989 | Tomb:1   | Killed a greater mummy
 95992 | Tomb:1   | Killed a greater mummy
 96008 | Tomb:1   | Killed a greater mummy
 96029 | Tomb:1   | Noticed a greater mummy
 96039 | Tomb:1   | Killed a greater mummy
 96175 | Tomb:1   | Noticed a greater mummy
 96189 | Tomb:1   | Killed a greater mummy
 96195 | Tomb:1   | Noticed a greater mummy
 96206 | Tomb:1   | Killed a greater mummy
 96416 | Tomb:1   | Noticed a greater mummy
 96417 | Tomb:1   | Noticed a greater mummy
 96424 | Tomb:1   | Killed a greater mummy
 96427 | Tomb:1   | Killed a greater mummy
 96428 | Tomb:1   | Noticed a greater mummy
 96441 | Tomb:1   | Killed a greater mummy
 96820 | Tomb:3   | Entered Level 3 of the Tomb of the Ancients
 96851 | Tomb:3   | Noticed a greater mummy
 96862 | Tomb:3   | Killed a greater mummy
 96862 | Tomb:3   | Reached skill level 15 in Evocations
 96876 | Tomb:3   | HP: 4/246 [ushabti] (12)]
 97127 | Tomb:3   | Noticed a greater mummy
 97131 | Tomb:3   | Noticed Khufu
 97137 | Tomb:3   | Noticed a greater mummy
 97139 | Tomb:3   | Noticed a greater mummy
 97141 | Tomb:3   | Noticed a greater mummy
 97141 | Tomb:3   | Noticed a greater mummy
 97145 | Tomb:3   | Noticed a greater mummy
 97145 | Tomb:3   | Noticed a greater mummy
 97149 | Tomb:3   | Killed a greater mummy
 97150 | Tomb:3   | Killed a greater mummy
 97152 | Tomb:3   | Killed a greater mummy
 97152 | Tomb:3   | Killed a greater mummy
 97152 | Tomb:3   | HP: 9/244 [greater mummy/divine providence (14)]
 97164 | Tomb:3   | HP: 5/273 [death scarab (18)]
 97173 | Tomb:3   | Gained mutation: You are frail. (-10% HP) [a neqoxec]
 97174 | Tomb:3   | Killed a greater mummy
 97420 | Tomb:3   | Killed a greater mummy
 97444 | Tomb:3   | Killed Khufu
 97446 | Tomb:3   | HP: 10/241 [ushabti] (12)]
 97447 | Tomb:3   | Engulfed by an ushabti's foul pestilence

Skill      XL: |  1  2  3  4  5  6  7  8  9 10 11 12 13 14 15 16 17 18 19 20 21 22 23 24 25 26 27 |
---------------+----------------------------------------------------------------------------------+-----
Shields        | 4 5 6 8 9 11 12 13 15 27 | 27.0
Fighting       | 4 5 7 8 10 11 12 15 17 20 21 23 25 26 27 | 27.0
Armour         | 4 5 6 7 8 9 10 11 12 13 14 16 17 18 19 22 25 27 | 27.0
Axes           | 3 4 5 6 7 9 11 13 14 16 17 27 | 27.0
Invocations    | 1 2 3 4 5 7 8 9 10 27 | 27.0
Maces & Flails | 2 4 |  4.8
Long Blades    | 6 7 9 12 14 15 | 15.1
Evocations     | 3 5 6 15 | 15.1
Fire Magic     | 5 9 10 | 10.3
Spellcasting   | 3 6 9 11 14 | 14.7
Translocations | 3 6 10 12 15 | 15.7
Dodging        | 25 | 25.8

Action                   |  1- 3 |  4- 6 |  7- 9 | 10-12 | 13-15 | 16-18 | 19-21 | 22-24 | 25-27 || total
-------------------------+-------+-------+-------+-------+-------+-------+-------+-------+-------++-------
Melee: War axe           |    69 |   135 |   407 |   505 |       |       |       |       |       ||  1116
       Headbutt          |     8 |    28 |    94 |   219 |   333 |   483 |   544 |   404 |  2437 ||  4550
       Broad axe         |       |       |       |   239 |  1209 |  1611 |  1688 |  1004 |  6658 || 12409
       Morningstar       |       |       |       |     6 |    23 |       |       |       |       ||    29
       Scimitar          |       |       |       |       |       |   102 |       |       |       ||   102
Throw: Javelin           |       |       |       |     1 |       |       |       |       |       ||     1
 Cast: Apportation       |       |       |       |       |       |       |       |       |     1 ||     1
Invok: Heroism           |       |       |     1 |    12 |    25 |    12 |    13 |     5 |     3 ||    71
       Finesse           |       |       |       |     2 |     6 |     4 |    14 |    11 |     6 ||    43
       Cleansing Flame   |       |       |       |       |       |       |       |       |   143 ||   143
       Summon Divine War |       |       |       |       |       |       |       |       |    82 ||    82
       Divine Shield     |       |       |       |       |       |       |       |       |    33 ||    33
       Brand Weapon With |       |       |       |       |       |       |       |       |     1 ||     1
 Abil: Evoke Flight      |       |       |       |       |     3 |     4 |       |       |    14 ||    21
Evoke: Wand              |       |       |       |     1 |       |       |     3 |       |    10 ||    14
       Phial of floods   |       |       |       |       |       |       |     1 |       |       ||     1
       Lamp of fire      |       |       |       |       |       |       |       |     1 |     1 ||     2
  Use: Scroll            |       |       |    15 |     9 |     3 |     3 |    21 |     5 |    34 ||    90
       Potion            |       |       |     1 |     8 |       |     3 |       |     3 |    29 ||    44
 Stab: Paralysed         |       |       |       |       |       |       |     7 |       |       ||     7
       Distracted        |       |       |       |       |       |       |       |       |     1 ||     1
  Eat: Chunk             |       |     6 |    14 |    23 |    34 |    21 |    35 |    11 |    45 ||   189
       Ration            |       |       |       |     2 |     3 |     4 |     1 |     3 |    43 ||    56
Armor: Scale mail        |    31 |    14 |       |       |       |       |       |       |       ||    45
       Chain mail        |       |    39 |   135 |   246 |   534 |   777 |       |       |       ||  1731
       Skin              |       |       |       |     7 |       |       |       |       |       ||     7
       Plate armour      |       |       |       |    67 |    14 |   204 |   560 |    37 |       ||   882
       Gold dragon scale |       |       |       |       |       |       |    50 |   406 |  2363 ||  2819
Dodge: Dodged            |    18 |    26 |    66 |   142 |   309 |   434 |   278 |   143 |  1328 ||  2744
Block: Shield            |    31 |    60 |   174 |   374 |   870 |  1061 |   993 |   578 |  4831 ||  8972
       Reflection        |       |       |       |       |       |       |    40 |    44 |   141 ||   225
       Large shield      |       |       |       |       |       |       |       |    30 |       ||    30
       Buckler           |       |       |       |       |       |       |       |       |   489 ||   489
       Rpst.: Scimitar   |       |       |       |       |       |    10 |       |       |       ||    10
       Broad axe         |       |       |       |       |       |       |     4 |    25 |   190 ||   219
